 Dungeon Crawl Stone Soup version 0.27.1-3-gb3d3a73c9e (webtiles) character file.

Game seed: 10836146501305351863

208879 AZSletch the Severer (level 18, -12/170 HPs)
             Began as a Minotaur Fighter on Oct 8, 2021.
             Was a High Priest of Okawaru.
             Killed from afar by a deep elf zephyrmancer (27 damage)
             ... with a bolt of lightning
             ... on level 2 of the Elven Halls.
             The game lasted 02:57:18 (35849 turns).

AZSletch the Severer (Minotaur Fighter)            Turns: 35849, Time: 02:57:19

Health: -12/170    AC: 24    Str: 28    XL:     18   Next: 14%
Magic:  25/25      EV: 13    Int:  8    God:    Okawaru [*****.]
Gold:   1636       SH: 15    Dex: 17    Spells: 17/17 levels left

rFire    . . .     SeeInvis .   V - +7 broad axe (elec)
rCold    . . .     Faith    +   c - +1 kite shield
rNeg     . . .     Spirit   .   R - +1 plate armour "Illar" {Contam Will++ Int+3}
rPois    +         Reflect  .   (helmet restricted)
rElec    .         Harm     .   X - +2 cloak {rPois}
rCorr    .         Rampage  .   T - +2 pair of gloves {Stlth+}
Will     +++..                  (no boots)
Stlth    ..........             K - amulet of faith
HPRegen  0.38/turn              Y - +4 ring of slaying
MPRegen  0.19/turn              t - +6 ring of strength

@: no status effects
A: horns 2, retaliatory headbutt
}: 1/15 runes: gossamer
a: Renounce Religion, Heroism, Finesse


You were on level 2 of the Elven Halls.
You worshipped Okawaru.
Okawaru was extremely pleased with you.
You visited 6 branches of the dungeon, and saw 30 of its levels.

You collected 3084 gold pieces.
You spent 1448 gold pieces at shops.

Inventory:

Hand Weapons
 p - the +5 executioner's axe "Ahu Wuve" {flame, rPois rN++ Dex-5}
   (Okawaru gifted it to you on level 14 of the Dungeon)

   It burns those it strikes, dealing additional fire damage.
   Big, fiery blades are also staple armaments of hydra-hunters.
   Dex:       It affects your dexterity (-5).
   rPois:     It protects you from poison.
   rN:        It greatly protects you from negative energy.
 V - a +7 broad axe of electrocution (weapon)
Missiles
 d - 13 javelins (quivered)
 m - 23 silver javelins
 n - 13 curare-tipped darts
 B - 58 boomerangs
 F - 70 poisoned darts
 G - 6 atropa-tipped darts
 M - 7 datura-tipped darts
Armour
 c - a +1 kite shield (worn)
 R - the +1 plate armour "Illar" (worn) {Contam Will++ Int+3}
   (Okawaru gifted it to you on level 6 of the Lair of Beasts)

   Int:       It affects your intelligence (+3).
   Contam:    It causes magical contamination when unequipped.
   Will:      It greatly increases your willpower.
 T - a +2 pair of gloves of stealth (worn)
 X - a +2 cloak of poison resistance (worn)
Jewellery
 q - a ring of flight
 t - a +6 ring of strength (right hand)
 u - a ring of positive energy
 y - a ring of protection from cold
 K - an amulet of faith (around neck)
 Y - a +4 ring of slaying (left hand)
Wands
 a - a wand of iceblast (13)
 E - a wand of flame (137)
 N - a wand of mindburst (29)
 P - a wand of acid (16)
 S - a wand of polymorph (14)
 U - a wand of digging (16)
 Z - a wand of paralysis (32)
Scrolls
 e - a scroll of torment
 f - 2 scrolls of brand weapon
 g - 2 scrolls of fear
 k - 11 scrolls of teleportation
 o - 3 scrolls of immolation
 w - 7 scrolls of fog
 x - a scroll of holy word
 C - 2 scrolls of blinking
 L - 3 scrolls of enchant armour
 Q - 3 scrolls of magic mapping
Potions
 h - 3 potions of attraction
 j - 9 potions of flight
 l - 6 potions of ambrosia
 r - a potion of resistance
 s - 5 potions of cancellation
 v - 4 potions of brilliance
 z - 2 potions of mutation
 A - 8 potions of haste
 D - 11 potions of curing
 H - 2 potions of berserk rage
 I - 2 potions of might
Miscellaneous
 i - a box of beasts
 W - a piece from Xom's chessboard (15/15)


   Skills:
 * Level 17.5 Fighting
 + Level 17.7 Axes
 + Level 10.7 Throwing
 + Level 13.2 Armour
 + Level 11.8 Dodging
 + Level 13.3 Shields
 + Level 10.9 Invocations
 + Level 9.2 Evocations


You had 17 spell levels left.
You didn't know any spells.
Your spell library contained the following spells:

 Spells                   Type           Power      Damage    Failure   Level
 Animate Skeleton         Necr           0%         N/A       98%         1
 Apportation              Tloc           0%         N/A       98%         1
 Corona                   Hex            0%         N/A       98%         1
 Freeze                   Ice            0%         1d3       98%         1
 Magic Dart               Conj           0%         1d3       98%         1
 Shock                    Conj/Air       0%         1d3       98%         1
 Summon Small Mammal      Summ           0%         N/A       98%         1
 Blink                    Tloc           N/A        N/A       99%         2
 Corpse Rot               Necr/Air       N/A        N/A       99%         2
 Ensorcelled Hibernation  Hex/Ice        0%         N/A       99%         2
 Poisonous Vapours        Pois/Air       0%         N/A       99%         2
 Searing Ray              Conj           0%         3d3       99%         2
 Slow                     Hex            0%         N/A       99%         2
 Static Discharge         Conj/Air       0%         N/A       99%         2
 Call Canine Familiar     Summ           0%         N/A       100%        3
 Confusing Touch          Hex            0%         N/A       100%        3
 Frozen Ramparts          Ice            0%         1d2       100%        3
 Portal Projectile        Hex/Tloc       0%         N/A       100%        3
 Swiftness                Air            0%         N/A       100%        3
 Tukima's Dance           Hex            0%         N/A       100%        3
 Vampiric Draining        Necr           0%         2d6       100%        3
 Airstrike                Air            0%         N/A       100%        4
 Cause Fear               Hex            0%         N/A       100%        4
 Fulminant Prism          Conj/Hex       0%         3d6       100%        4
 Hailstorm                Conj/Ice       0%         3d3       100%        4
 Ice Form                 Ice/Tmut       0%         N/A       100%        4
 Leda's Liquefaction      Hex/Erth       0%         N/A       100%        4
 Passage of Golubria      Tloc           N/A        N/A       100%        4
 Summon Ice Beast         Ice/Summ       0%         N/A       100%        4
 Blade Hands              Tmut           0%         N/A       100%        5
 Excruciating Wounds      Necr           0%         N/A       100%        5
 Freezing Cloud           Conj/Ice/Air   0%         6-21      100%        5
 Yara's Violent Unravell  Hex/Tmut       0%         3d3       100%        5
 Dragon Form              Tmut           0%         N/A       100%        7
 Dragon's Call            Summ           0%         N/A       100%        9


Dungeon Overview and Level Annotations

Branches:
Dungeon (15/15)            Temple (1/1) D:4            Lair (6/6) D:11
 Shoals (0/4) Lair:2       Spider (4/4) Lair:3        Slime (0/5) Lair:5
    Orc (2/2) D:10            Elf (2/3) Orc:2        Vaults (0/5) D:14
 Depths (0/5) D:15

Altars:
Ashenzari
Cheibriados
Dithmenos
Elyvilon
Fedhas
Gozag
Hepliaklqana
Kikubaaqudgha
Makhleb
Nemelex Xobeh
Okawaru
Qazlal
Ru
Sif Muna
Trog
Uskayaw
Vehumet
Wu Jian
Xom
Yredelemnul
Zin
The Shining One
Beogh

Shops:
D:1 ?   D:3 :!?*   D:6 *   D:13 *   Orc:2 [[((

Annotations:
Spider:1 exclusion: electric eel
Elf:1 9 runed translucent doors, harness's ghost, adept OgIE


Innate Abilities, Weirdness & Mutations

You have a pair of horns on your head.
You reflexively headbutt those who attack you in melee.


Message History

The deep elf zephyrmancer points at you and mumbles some strange words.
The bolt of lightning hits the +0 glaive of freezing.
The +0 glaive of freezing completely resists.
The bolt of lightning misses you.
You miss the +0 glaive of freezing.
Your headbutt misses the +0 glaive of freezing.
The +0 glaive of freezing is lightly damaged.
The +0 glaive of freezing hits you but does no damage.
You feel much better.
The deep elf zephyrmancer casts a spell.
The deep elf zephyrmancer blinks!
The +0 glaive of freezing barely misses you.
You slice the +0 glaive of freezing!! You headbutt the +0 glaive of freezing.
The +0 glaive of freezing falls from the air.
Okawaru accepts your kill.
You see here a +0 glaive of freezing.
You see here a +2 vampiric halberd.
You hit the deep elf zephyrmancer. You headbutt the deep elf zephyrmancer.
The deep elf zephyrmancer is moderately wounded.
The deep elf zephyrmancer gestures at you while chanting.
The bolt of lightning hits you!
* * * LOW HITPOINT WARNING * * *
You cut the deep elf zephyrmancer into ribbons!!!
Lightning courses through the deep elf zephyrmancer!
You kill the deep elf zephyrmancer!
Okawaru accepts your kill.
You see here a +0 glaive of freezing.
The deep elf zephyrmancer points at you and mumbles some strange words.
The bolt of lightning hits you!!
* * * LOW HITPOINT WARNING * * *
You see here the +1 ring mail "Jaats" {rPois rF- rN+ rCorr Dex+2}.
As you read the scroll of fog, it crumbles to dust.
The scroll dissolves into smoke.
You see here a +0 trident.
You see here a +0 trident.
As you read the scroll of fog, it crumbles to dust.
The scroll dissolves into smoke.
The deep elf zephyrmancer gestures at you while chanting.
The bolt of lightning hits you!!
You die...

##.......#######''##
#...................
##.......####.....##
#.......# #######
##.....## #§§...#
#§##### #§# #@#
####e#####
#..§§§§§§## ..
#.##.§§#§§# ...
##.###§###§## # #..#
#...#...#.§§#
.#####..#
##.###.###)##
...##...## #.# #.#
#e# .........## #)#
#)# #)#


You could see a deep elf zephyrmancer.

Vanquished Creatures
  Mara (Spider:3)
  Arachne (Spider:2)
  Jorgrun (Spider:1)
  Asterion (Spider:4)
  Agnes (Spider:2)
  A deep elf sorcerer (Elf:1)
  3 ghost moths
  An orc warlord (Orc:2)
  The ghost of kalagan the Eclecticist, an adept DECj of Sif Muna (Elf:2)
  7 emperor scorpions
  Aizul (Spider:3)
  An ironbound preserver (D:14)
  A deep elf demonologist (Elf:1)
  2 entropy weavers (Spider:3)
  Azrael (D:13)
  3 spark wasps
  2 deep elf high priests (Elf:1)
  An ice dragon (D:11)
  12 hydras
  3 boulder beetles
  A catoblepas (Lair:6)
  2 centaur warriors
  2 death knights
  7 two-headed ogres
  26 dancing weapons
  A deep troll shaman (Lair:6)
  16 death yaks
  2 orc high priests (Elf:1)
  A shock serpent (shapeshifter) (D:15)
  6 deep elf knights
  Nergalle (Lair:2)
  Sonja (D:13)
  8 deep elf archers
  2 wizards (D:14)
  20 deep elf pyromancers
  15 orb spiders
  17 deep elf zephyrmancers
  5 orc knights
  11 ugly things
  33 wolf spiders
  A manticore (shapeshifter) (D:13)
  4 moths of wrath
  An oklob plant (D:11)
  6 cyclopes
  A manticore (D:15)
  A merfolk siren (Lair:2)
  14 cane toads
  6 black mambas
  7 elephants
  A torpor snail (Spider:3)
  A water nymph (shapeshifter) (Elf:1)
  A cane toad (shapeshifter) (D:14)
  A gargoyle (D:12)
  A kobold demonologist (D:12)
  12 komodo dragons
  9 demonic crawlers
  3 rime drakes
  A komodo dragon (shapeshifter) (D:15)
  2 freezing wraiths (D:14)
  38 jumping spiders
  A merfolk (Lair:2)
  3 trolls
  6 polar bears
  Prince Ribbit (D:6)
  15 blink frogs
  7 slime creatures
  11 hornets (Spider:4)
  13 dream sheep
  21 tarantellas
  56 redbacks
  A vampire (D:12)
  A shadow (D:10)
  2 water elementals
  5 wraiths
  5 air elementals (Elf:1)
  4 wyverns
  44 yaks
  7 fire elementals
  A golden eye (shapeshifter) (D:15)
  2 basilisks
  9 vampire mosquitoes
  Edmund (D:5)
  2 wargs
  3 acid dragons
  15 water moccasins
  Duvessa (D:6)
  3 hell hounds (D:13)
  A sky beast (D:5)
  2 ice beasts
  24 orc warriors
  2 necrophages
  8 ogres
  A black bear (Lair:2)
  3 boggarts (D:14)
  4 centaurs
  20 wolves
  A phantom (D:5)
  7 bullfrogs
  3 kobold brigands
  A gnoll sergeant (Orc:2)
  A scorpion (D:7)
  2 earth elementals (Elf:1)
  Dowan (D:6)
  8 killer bees
  6 howler monkeys
  7 wights
  A bullfrog zombie (D:5)
  3 centaur zombies
  5 hounds
  2 centaur skeletons (D:5)
  19 orc priests
  A gnoll shaman (D:7)
  4 jellies
  2 iguanas
  22 orc wizards
  Robin (D:3)
  A hound skeleton (D:5)
  A howler monkey zombie (D:9)
  9 gnolls
  4 adders
  A shadow imp (D:6)
  2 ufetubi
  2 adder skeletons (D:4)
  3 worms
  5 dart slugs
  102 orcs
  8 bats
  4 endoplasms
  2 giant cockroaches (D:2)
  8 hobgoblins
  6 jackals
  5 quokkas
  5 ball pythons
  3 frilled lizards
  17 goblins
  15 kobolds
  3 rats
  A bush (Lair:6)
942 creatures vanquished.

Vanquished Creatures (collateral kills)
  An orc sorcerer (Orc:2)
  A troll (Orc:2)
  2 orc warriors (Orc:2)
  An ogre (Orc:2)
  Blork the orc (Orc:2)
  An orc priest (Orc:2)
  2 orc wizards (Orc:2)
  6 orcs (Orc:2)
15 creatures vanquished.

Vanquished Creatures (others)
  A troll (Orc:2)
  An orc warrior (Orc:2)
  An ogre (Orc:2)
  An orc priest (Elf:1)
  An orc (Elf:1)
  4 bushes (D:13)
  9 fungi
  31 plants
  4 toadstools (D:7)
53 creatures vanquished.

Grand Total: 1010 creatures vanquished

Notes
Turn   | Place    | Note
-------+----------+-------------------------------------------
     0 | D:1      | AZSletch the Minotaur Fighter began the quest for the Orb.
     0 | D:1      | Reached XP level 1. HP: 19/19 MP: 0/0
   525 | D:1      | Reached XP level 2. HP: 25/27 MP: 1/1
   670 | D:1      | Found a faded altar of an unknown god.
   833 | D:1      | Found Zatrak's Magic Scroll Emporium.
   841 | D:1      | Bought a scroll of teleportation for 39 gold pieces
   978 | D:2      | Reached skill level 1 in Dodging
   978 | D:2      | Reached XP level 3. HP: 33/33 MP: 2/2
  1544 | D:3      | Noticed Robin
  1676 | D:3      | Reached XP level 4. HP: 41/41 MP: 3/3
  1678 | D:3      | Killed Robin
  1695 | D:3      | Found Maer's Book Boutique.
  1844 | D:3      | Found Jicer's Magic Scroll Shop.
  1918 | D:3      | Bought a scroll of teleportation for 39 gold pieces
  2246 | D:3      | Found Michi's Distillery.
  2249 | D:3      | Bought a potion of heal wounds for 60 gold pieces
  2295 | D:3      | Reached skill level 1 in Throwing
  2303 | D:3      | Found Tuizaoka's General Store.
  2422 | D:3      | Reached XP level 5. HP: 47/47 MP: 4/4
  2803 | D:4      | Reached skill level 5 in Fighting
  3270 | D:4      | Found a staircase to the Ecumenical Temple.
  3524 | D:5      | Entered Level 5 of the Dungeon
  3524 | D:5      | Noticed an ice beast
  3558 | Temple   | Entered the Ecumenical Temple
  3663 | Temple   | Became a worshipper of Warmaster Okawaru
  3779 | D:5      | Noticed an ogre
  3785 | D:5      | Killed an ogre
  3786 | D:5      | Reached XP level 6. HP: 47/56 MP: 5/5
  3812 | D:5      | Noticed Edmund
  3841 | D:5      | Killed Edmund
  4024 | D:5      | Noticed a yak
  4032 | D:5      | Noticed a water moccasin
  4046 | D:5      | Reached * piety under Okawaru
  4047 | D:5      | Reached skill level 5 in Shields
  4047 | D:5      | Reached XP level 7. HP: 54/63 MP: 6/6
  4054 | D:5      | Killed a yak
  4055 | D:5      | Reached skill level 5 in Armour
  4135 | D:5      | Reached ** piety under Okawaru
  4299 | D:5      | Reached XP level 8. HP: 66/73 MP: 4/7
  4304 | D:5      | Reached skill level 1 in Invocations
  4596 | D:6      | Noticed Prince Ribbit
  4602 | D:6      | Found Vanustos's Assorted Antiques.
  4608 | D:6      | Killed Prince Ribbit
  4609 | D:6      | Reached skill level 5 in Axes
  4714 | D:6      | Reached *** piety under Okawaru
  4972 | D:6      | Reached XP level 9. HP: 81/81 MP: 10/10
  5057 | D:6      | Noticed Duvessa
  5058 | D:6      | Noticed Dowan
  5066 | D:6      | Killed Dowan
  5082 | D:6      | Killed Duvessa
  5816 | D:3      | Bought 2 potions of heal wounds for 120 gold pieces
  5816 | D:3      | Bought a potion of heal wounds for 60 gold pieces
  6002 | D:7      | Received a gift from Okawaru
  6082 | D:7      | Found a hide-covered altar of Uskayaw.
  6605 | D:7      | Received a gift from Okawaru
  6923 | D:8      | Reached skill level 5 in Dodging
  7351 | D:8      | Reached **** piety under Okawaru
  7556 | D:8      | Identified the +7 chain mail of Dim Light {+Blink Int+3
                  | Dex+5}
  7658 | D:8      | Reached XP level 10. HP: 89/91 MP: 12/12
  7817 | D:9      | Noticed a two-headed ogre
  7832 | D:9      | Killed a two-headed ogre
  7833 | D:9      | Reached skill level 10 in Axes
  8479 | D:10     | Entered Level 10 of the Dungeon
  8520 | D:10     | Noticed a two-headed ogre
  8531 | D:10     | Killed a two-headed ogre
  8752 | D:10     | Found a staircase to the Orcish Mines.
  8810 | D:10     | Noticed a centaur warrior
  8810 | D:10     | Noticed a brown ugly thing
  8810 | D:10     | Noticed a manticore
  8832 | D:10     | Noticed a green ugly thing
  8835 | D:10     | Noticed a cyclops
  8836 | D:10     | Noticed a centaur warrior
  8836 | D:10     | Noticed an ogre mage
  8836 | D:10     | Noticed a deep elf pyromancer
  8838 | D:10     | Noticed a death knight
  8846 | D:10     | Killed a cyclops
  8846 | D:10     | Reached ***** piety under Okawaru
  8909 | D:10     | Noticed a two-headed ogre
  8919 | D:10     | Killed a two-headed ogre
  8964 | D:10     | Received a gift from Okawaru
  9252 | D:11     | Noticed a cyclops
  9260 | D:11     | Killed a cyclops
  9332 | D:11     | Noticed a death knight
  9445 | D:11     | Reached XP level 11. HP: 97/97 MP: 11/13
  9554 | D:11     | Found a staircase to the Lair.
  9554 | D:11     | Noticed an oklob plant
  9830 | D:11     | Noticed a two-headed ogre
  9836 | D:11     | Killed a two-headed ogre
 10036 | D:11     | Noticed an ice dragon
 10387 | Lair:1   | Entered Level 1 of the Lair of Beasts
 10545 | Lair:1   | Noticed a five-headed hydra
 10559 | Lair:1   | Killed a five-headed hydra
 10560 | Lair:1   | Reached skill level 1 in Evocations
 10566 | Lair:1   | You are sucked into a shaft and drop 1 floor!
 10566 | Lair:2   | Noticed Nergalle
 10578 | Lair:2   | Noticed a spectral orc warlord
 10595 | Lair:2   | Killed Nergalle
 10634 | Lair:1   | Noticed an eight-headed hydra
 11011 | Lair:2   | Reached skill level 5 in Throwing
 11011 | Lair:2   | Reached skill level 5 in Invocations
 11015 | Lair:2   | Reached skill level 10 in Fighting
 11259 | Lair:2   | Received a gift from Okawaru
 11432 | Lair:2   | Reached XP level 12. HP: 89/106 MP: 12/14
 11520 | Lair:1   | Killed an eight-headed hydra
 11676 | Lair:1   | Identified the +13 chain mail "Ixur" {rF+}
 12507 | Lair:2   | Found a staircase to the Shoals.
 12826 | Lair:2   | Noticed a death yak
 12826 | Lair:2   | Noticed a five-headed hydra
 12858 | Lair:2   | Killed a death yak
 12883 | Lair:2   | Killed a five-headed hydra
 12883 | Lair:2   | Received a gift from Okawaru
 13149 | Lair:3   | Reached skill level 15 in Axes
 13790 | Lair:3   | Reached ****** piety under Okawaru
 13809 | Lair:3   | Found a hole to the Spider Nest.
 14220 | Lair:4   | Received a gift from Okawaru
 14261 | Lair:4   | Received a gift from Okawaru
 14262 | Lair:4   | Reached XP level 13. HP: 91/116 MP: 8/16
 14378 | Lair:4   | Identified the +10 long sword of Jewuro {speed, rF+ Will+
                  | Stlth+}
 14399 | Lair:4   | Found a dark tunnel.
 14815 | Lair:4   | Found a hide-covered altar of Uskayaw.
 14853 | Lair:4   | Found an ornate altar of the Wu Jian Council.
 15498 | Lair:5   | Received a gift from Okawaru
 15523 | Lair:5   | Received a gift from Okawaru
 15851 | Lair:5   | Found a staircase to the Slime Pits.
 16467 | D:11     | Reached skill level 5 in Evocations
 17059 | D:12     | Received a gift from Okawaru
 17469 | D:12     | Got Kigoxux's Early Guide to Spellcraft
 17606 | D:12     | Received a gift from Okawaru
 17607 | D:12     | Reached XP level 14. HP: 105/127 MP: 16/18
 18175 | D:12     | Received a gift from Okawaru
 18180 | D:12     | Reached skill level 10 in Shields
 18312 | D:13     | Reached skill level 10 in Armour
 18568 | D:13     | Found a blossoming altar of Fedhas.
 18576 | D:13     | Identified the +0 scale mail of the Foremost Knives {Will+}
                  | (Okawaru gifted it to you on level 13 of the Dungeon)
 18576 | D:13     | Received a gift from Okawaru
 18760 | D:13     | Found Zudwios's General Store.
 18846 | D:13     | Noticed Sonja
 18857 | D:13     | Killed Sonja
 18999 | D:13     | Noticed Azrael
 19022 | D:13     | Killed Azrael
 19296 | D:13     | Bought a potion of might for 60 gold pieces
 19296 | D:13     | Bought a scroll of identify for 30 gold pieces
 20082 | D:14     | Found a gate to the Vaults.
 20082 | D:14     | Noticed an ironbound preserver
 20097 | D:14     | Killed an ironbound preserver
 20097 | D:14     | Identified the +5 executioner's axe "Ahu Wuve" {flame,
                  | rPois rN++ Dex-5} (Okawaru gifted it to you on level 14 of
                  | the Dungeon)
 20097 | D:14     | Received a gift from Okawaru
 20712 | D:15     | Entered Level 15 of the Dungeon
 20770 | D:15     | Received a gift from Okawaru
 21173 | D:15     | Found a staircase to the Depths.
 21454 | D:15     | Found an iron altar of Okawaru.
 21832 | Spider:1 | Entered Level 1 of the Spider Nest
 21875 | Spider:1 | Noticed Jorgrun
 21896 | Spider:1 | Killed Jorgrun
 21897 | Spider:1 | Reached XP level 15. HP: 77/138 MP: 20/20
 22214 | Spider:1 | Identified the +1 ring mail of the Dwarven Hall {Harm
                  | Dex+5} (Okawaru gifted it to you on level 1 of the Spider
                  | Nest)
 22214 | Spider:1 | Received a gift from Okawaru
 23173 | Spider:2 | Noticed Arachne
 23176 | Spider:2 | Noticed Agnes
 23188 | Spider:2 | Killed Agnes
 23210 | Spider:2 | Killed Arachne
 23292 | Spider:2 | Received a gift from Okawaru
 23903 | Spider:3 | Reached skill level 15 in Fighting
 24045 | Spider:3 | Reached skill level 10 in Dodging
 24093 | Spider:3 | Killed a ghost moth
 24093 | Spider:3 | Received a gift from Okawaru
 24483 | Spider:3 | Noticed Aizul
 24502 | Spider:3 | Killed Aizul
 24502 | Spider:3 | Received a gift from Okawaru
 24704 | Spider:3 | Reached XP level 16. HP: 149/149 MP: 21/21
 24926 | Spider:4 | Entered Level 4 of the Spider Nest
 24941 | Spider:4 | Noticed Asterion
 24946 | Spider:4 | Killed Asterion
 25246 | Spider:4 | Received a gift from Okawaru
 25366 | Spider:4 | Received a gift from Okawaru
 25857 | Spider:4 | Noticed Mara
 25860 | Spider:4 | Noticed AZSletch's illusion
 25876 | Spider:4 | Noticed AZSletch's illusion
 26193 | Spider:4 | Noticed AZSletch's illusion
 26409 | Spider:4 | Noticed AZSletch's illusion
 26823 | Spider:4 | Received a gift from Okawaru
 26826 | Spider:4 | Noticed AZSletch's illusion
 27168 | Spider:4 | Noticed AZSletch's illusion
 27173 | Spider:3 | Killed Mara
 27677 | Spider:4 | Got a gossamer rune of Zot
 27860 | Lair:6   | Entered Level 6 of the Lair of Beasts
 27863 | Lair:6   | Reached skill level 10 in Invocations
 27875 | Lair:5   | Received a gift from Okawaru
 27889 | Lair:6   | Received a gift from Okawaru
 27920 | Lair:6   | Identified the +1 plate armour "Illar" {Contam Will++
                  | Int+3} (Okawaru gifted it to you on level 6 of the Lair of
                  | Beasts)
 27920 | Lair:6   | Received a gift from Okawaru
 27993 | Lair:6   | Reached XP level 17. HP: 145/159 MP: 23/23
 28667 | Lair:6   | Reached skill level 10 in Throwing
 29362 | Orc:1    | Entered Level 1 of the Orcish Mines
 29570 | Orc:2    | Entered Level 2 of the Orcish Mines
 29570 | Orc:2    | Noticed Blork the orc
 29579 | Orc:2    | Killed Blork the orc
 29589 | Orc:2    | Found a staircase to the Elven Halls.
 30092 | Orc:2    | Found Cystristro's Antique Weapon Emporium.
 30176 | Orc:2    | Found Seoria's Antique Armour Shop.
 30180 | Orc:2    | Found Geziwu's Antique Weapon Boutique.
 30910 | Orc:2    | Found Wedwuet's Armour Boutique.
 31080 | Elf:1    | Entered Level 1 of the Elven Halls
 31336 | Elf:1    | Received a gift from Okawaru
 31804 | Elf:1    | Received a gift from Okawaru
 31874 | Elf:1    | Found a hide-covered altar of Uskayaw.
 32305 | Elf:1    | Found a radiant altar of Vehumet.
 32589 | Elf:1    | Found a runed translucent gate.
 32589 | Elf:1    | Found a runed translucent gate.
 32589 | Elf:1    | Found a runed translucent gate.
 32589 | Elf:1    | Noticed harness's ghost (adept OgIE)
 32590 | Elf:1    | Found an iron altar of Okawaru.
 32591 | Elf:1    | Identified the amulet "Kurghos" {rF+ Regen+}
 32591 | Elf:1    | Noticed a deep elf master archer
 32693 | Elf:1    | Paralysed by an air elemental for 1 turns
 32703 | Elf:1    | Paralysed by an air elemental for 1 turns
 33158 | Elf:1    | HP: 8/161 [deep elf zephyrmancer/bolt of lightning (29)]
 33580 | Elf:1    | Found a runed translucent gate.
 33580 | Elf:1    | Found a runed translucent gate.
 33580 | Elf:1    | Found a runed translucent gate.
 33580 | Elf:1    | Found a runed translucent gate.
 33580 | Elf:1    | Found a runed translucent gate.
 33581 | Elf:1    | Found a runed translucent gate.
 33928 | D:3      | Bought a potion of heal wounds for 60 gold pieces
 33928 | D:3      | Bought a potion of haste for 120 gold pieces
 33962 | D:3      | Bought a wand of flame (11) for 91 gold pieces
 33962 | D:3      | Bought 13 poisoned darts for 72 gold pieces
 33962 | D:3      | Bought a wand of mindburst (13) for 238 gold pieces
 33962 | D:3      | Bought a scroll of enchant armour for 105 gold pieces
 33962 | D:3      | Bought a wand of flame (18) for 140 gold pieces
 34048 | D:3      | Bought a scroll of teleportation for 39 gold pieces
 34048 | D:3      | Bought a scroll of teleportation for 39 gold pieces
 34048 | D:3      | Bought a scroll of teleportation for 39 gold pieces
 34048 | D:3      | Bought a scroll of enchant weapon for 97 gold pieces
 34396 | Elf:2    | Found a huge runed translucent gate.
 34396 | Elf:2    | Found a huge runed translucent gate.
 34396 | Elf:2    | Found a huge runed translucent gate.
 34396 | Elf:2    | Found a huge runed translucent gate.
 34396 | Elf:2    | Found a huge runed translucent gate.
 34451 | Elf:2    | Found a large runed translucent door.
 34452 | Elf:2    | Found a large runed translucent door.
 34455 | Elf:2    | Noticed kalagan's ghost (adept DECj)
 34467 | Elf:2    | Killed kalagan's ghost
 34727 | Elf:2    | Received a gift from Okawaru
 35033 | Elf:2    | Reached XP level 18. HP: 72/170 MP: 25/25
 35824 | Elf:2    | Identified the +1 ring mail "Jaats" {rPois rF- rN+ rCorr
                  | Dex+2} (Okawaru gifted it to you on level 2 of the Elven
                  | Halls)
 35824 | Elf:2    | Received a gift from Okawaru
 35849 | Elf:2    | Killed from afar by a deep elf zephyrmancer

Illustrated notes

Levels and vault maps discovered:
D:1:      heliophobic_arrival_ceremonial_halls, layout_basic, serial_shops,
          shop_statue, shapermc_ecumenical_altar_acropolis
D:2:      layout_rooms, minmay_crystal_water
D:3:      layout_loops_ring, serial_shops, nicolae_shop_waterfront,
          nicolae_shop_behind_doors, nicolae_shop_behind_doors,
          nicolae_shop_statue_plus, uniq_robin, uniq_crazy_yiuf_cottage
D:4:      layout_basic, minmay_temple_entry_statues, grunt_ministairs_6,
          chequers_serial_rivers_small_3
D:5:      layout_rooms, minmay_chambers_of_fives, uniq_edmund
D:6:      layout_loops_ring, serial_shops, nicolae_shop_stone, kennysheep_dice,
          uniq_prince_ribbit1, uniq_duvessa
D:7:      layout_cave_pools, general_overflow_altar, minmay_gold_behind_fungi,
          minivault_23, kennysheep_generic_room_11
D:8:      layout_loops_corners
D:9:      layout_cave_pools, serial_column_ruins, column_ruins_hut_water,
          column_ruins_open_small, column_ruins_grid_4, column_ruins_grid_2,
          column_ruins_open_medium_water, column_ruins_open_tiny
D:10:     layout_roguey, orc_0_dummy, minivault_12
D:11:     layout_long_grid, dpeg_oklobed_lair,
          portal_ice_cave_entry_animals_and_master
D:12:     layout_roguey
D:13:     layout_basic, serial_shops, nicolae_shop_window_shopping,
          fedhas_bush_and_centaur_altar, uniq_sonja, uniq_azrael
D:14:     layout_gridville, skrybe_vaults_entry_preservation,
          wad_floor_pattern_untrapped
D:15:     hangedman_depths_entry_try_elsewhere_first, layout_small_grid,
          okawaru_gym_becter
Temple:   kilobyte_greek_temple
Lair:1:   layout_big_grid
Lair:2:   layout_long_grid, elwin_shoals_entry_rooms,
          hangedman_lair_generics_rect, uniq_nergalle
Lair:3:   layout_regular_city, spider_nest_entry_funnel_web
Lair:4:   layout_loops_ring, enter_volcano_2, nzn_masters_of_martial_movement,
          grunt_megastairs_3
Lair:5:   layout_roguey, minmay_slime_entry_pillars, serial_bayou_shore_b,
          grunt_megastairs_1
Lair:6:   grunt_lair_end_beastmaster, layout_hall_layers,
          chequers_serial_rivers_marsh, lookout_lair_type, st_stairs_9,
          serial_bayou_crossing
Spider:1: layout_spider_delve, nicolae_spider_bzzzt, uniq_jorgrun
Spider:2: layout_spider_delve, hangedman_spider_tarantella_strand, uniq_agnes,
          uniq_arachne
Spider:3: layout_spider_delve, uniq_aizul
Spider:4: guppyfry_spider_rune, guppyfry_spider_mini_2, uniq_asterion, uniq_mara
Orc:1:    layout_diamond_mine
Orc:2:    grunt_orc_community_town_hall, layout_diamond_mine,
          grunt_orc_community_big_house_1, grunt_orc_community_big_house_1,
          grunt_orc_community_house_3, grunt_orc_community_house_3,
          grunt_orc_community_house_1, grunt_orc_community_house_3,
          sword_in_stone
Elf:1:    minmay_elf_arrival_circle, layout_gridlike, basic_altar,
          gammafunk_ghost_fury_of_okawaru, orc_legates, grunt_ministairs_9,
          nicolae_elf_altarnating, lemuel_upstairs_altar
Elf:2:    elven_hall_of_blades_hangedman_alternative [nicolae_blade_tridents],
          layout_geoelf_octagon, portal_desolation_entry_nicolae_slug,
          ebering_ghost_disaster_area

Skill      XL: |  1  2  3  4  5  6  7  8  9 10 11 12 13 14 15 16 17 |
---------------+----------------------------------------------------+-----
Fighting       | 4 5 6 7 8 9 10 11 12 14 15 16 17 | 17.5
Dodging        | 1 2 3 4 5 7 8 9 10 11 | 11.8
Shields        | 4 5 6 7 8 9 10 11 12 13 | 13.3
Armour         | 4 5 6 7 8 9 10 11 12 13 | 13.2
Axes           | 3 4 5 8 13 14 15 16 17 | 17.7
Throwing       | 1 2 3 4 5 6 7 8 9 10 | 10.7
Invocations    | 3 4 5 6 7 8 9 10 | 10.9
Evocations     | 2 3 5 6 7 8 9 |  9.2

Action                   |  1- 3 |  4- 6 |  7- 9 | 10-12 | 13-15 | 16-18 || total
-------------------------+-------+-------+-------+-------+-------+-------++-------
Melee: War axe           |    86 |   140 |   219 |       |       |       ||   445
       Headbutt          |    13 |    24 |    66 |   147 |   214 |   183 ||   647
       Hand axe          |       |       |    65 |   375 |       |       ||   440
       Short sword       |       |       |       |    39 |    41 |       ||    80
       Broad axe         |       |       |       |   112 |   655 |   644 ||  1411
       Executioner's axe |       |       |       |       |       |    44 ||    44
Throw: Stone             |     2 |       |       |       |       |       ||     2
       Dart              |       |     3 |       |    19 |    44 |    72 ||   138
       Boomerang         |       |       |       |       |     7 |     8 ||    15
       Javelin           |       |       |       |       |       |    19 ||    19
Invok: Heroism           |       |       |     5 |    21 |    26 |    20 ||    72
       Finesse           |       |       |       |     5 |    11 |     9 ||    25
Evoke: Wand              |       |       |       |     5 |    11 |    17 ||    33
  Use: Scroll            |       |       |    11 |     9 |     9 |     9 ||    38
       Potion            |       |       |     1 |     2 |     6 |    11 ||    20
 Stab: Held in net/web   |       |       |       |       |       |     1 ||     1
       Petrified         |       |       |       |       |       |     8 ||     8
       Distracted        |       |       |       |       |       |     1 ||     1
       Paralysed         |       |       |       |       |       |     1 ||     1
Armor: Scale mail        |    46 |    20 |       |       |       |       ||    66
       Ring mail         |       |    38 |    45 |       |       |       ||    83
       Plate armour      |       |       |   138 |       |       |   157 ||   295
       Chain mail        |       |       |     2 |   185 |   411 |   172 ||   770
Dodge: Dodged            |    45 |    53 |   107 |   168 |   304 |   319 ||   996
Block: Kite shield       |    58 |    71 |   204 |   288 |   437 |   401 ||  1459
